cohdb
Replays
Latest Replays
All Replays
Popular Replays
Top Player Replays
Match Explorer
How It Works
Community
CoH3 Stats
Reddit
Sign in to upload your games and track your stats! →
Sign in with Steam
Match 41426021
Unlisted
Match 41426021
Overview
Messages
Build Orders
End
Construct Section Command Post
Royal Engineer Section
Selects Canadian Shock Battlegroup
Dingo Light Scout Car
Infantry Section
Grenade Package
Selects Attacking Spirit
Selects Canadian Shock Section
Canadian Shock Section
Canadian Shock Section
Construct Platoon Command Post
Construct Field Infirmary
Selects Incendiary Munitions
Humber Armored Car
Infantry Training
Selects Pyrotechnics
Canadian Shock Section
Infantry Section
Vickers Machine Gun Team
Royal Engineer Section
DeadPhoenix
Zleg
UH|dun! ツ
UH|XTC
0
0
Comments
sign in to comment!
No comments posted yet!